[Event "Titled Tuesday Blitz March 21 Early 2023"]
[White "Sarkar, Justin"]
[Black "Ljukin, Sergei"]
[WhiteFideId "2010011"]
[BlackFideId "14102200"]
[WhiteElo "2189"]
[BlackElo "2312"]
[Result "0-1"]
[Round "11"]
[TimeControl "180+2"]
[Date "2023.03.21"]
[WhiteClock "0:00:04"]
[BlackClock "0:00:13"]

1. e4 e6 2. Nc3 d5 3. f4 Nf6 4. e5 Nfd7 5. d4 c5 6. Nf3 Nc6 7. Be3 Qb6 8. Na4 Qa5+ 9. c3 cxd4 10. b4 Nxb4 11. cxb4 Bxb4+ 12. Bd2 b5 13. Nb2 Bc3 14. Nxd4 b4 15. Bxc3 bxc3 16. Nd3 Ba6 17. Be2 Rc8 18. O-O c2 19. Nxc2 Nc5 20. Nd4 Ne4 21. Rc1 Nc3 22. Qd2 Qb6 23. Nf2 Nxe2+ 24. Nxe2 O-O 25. Rfe1 Rc4 26. Rxc4 Bxc4 27. Nd4 Rc8 28. h4 h6 29. Kh2 Qa6 30. Ng4 Qa3 31. Ne3 Ba6 32. Rb1 Qc5 33. Rb3 Bc4 34. Rc3 a5 35. Nxc4 dxc4 36. Nf3 a4 37. Qd4 a3 38. Qxc5 Rxc5 39. Nd2 Kf8 40. Rxc4 Rb5 41. Nb3 Ke7 42. Ra4 Rd5 43. Rxa3 Rd3 44. Ra4 Kf8 45. Rd4 Re3 46. Rc4 Re2 47. a4 Ra2 48. Nc5 Ra3 49. Rb4 Kg8 50. Rb5 Kh7 51. a5 Kg6 52. a6 Kf5 53. Rb7 Kxf4 54. Rxf7+ Kxe5 55. Rxg7 Kd5 56. Nb7 Rxa6 57. Nd8 e5 58. Nf7 e4 59. Rh7 e3 60. Nxh6 e2 61. Re7 Re6 62. Rxe6 Kxe6 0-1


[Site "https://www.chess.com"]

[Event "Titled Tuesday Blitz March 21 Early 2023"]
[White "Tanenbaum, Zachary"]
[Black "Baches Garcia, Guillermo"]
[WhiteFideId "2060850"]
[BlackFideId "2209764"]
[WhiteElo "2175"]
[BlackElo "2438"]
[Result "1-0"]
[Round "11"]
[TimeControl "180+2"]
[Date "2023.03.21"]
[WhiteClock "0:02:03"]
[BlackClock "0:00:57"]

1. e4 d5 2. exd5 Qxd5 3. Nc3 Qa5 4. d4 c6 5. Nf3 Nf6 6. Bd2 Bf5 7. Bc4 e6 8. Ne5 Nbd7 9. Qe2 Bb4 10. O-O O-O 11. a3 Bxc3 12. Bxc3 Qc7 13. Rfe1 Ne4 14. Bb4 Nxe5 15. dxe5 c5 16. Bd2 Nxd2 17. Qxd2 b5 18. Bxb5 Rab8 19. a4 c4 20. Qc3 Rfc8 21. Rad1 Qc5 22. Bxc4 Qxc4 23. Rd8+ 1-0


[Site "https://www.chess.com"]

[Event "Titled Tuesday Blitz March 21 Early 2023"]
[White "Jakubowska, Anna"]
[Black "Cherniaiev, Tykhon"]
[WhiteFideId "1121952"]
[BlackFideId "14182360"]
[WhiteElo "2001"]
[BlackElo "2450"]
[Result "0-1"]
[Round "11"]
[TimeControl "180+2"]
[Date "2023.03.21"]
[WhiteClock "0:00:36"]
[BlackClock "0:00:35"]

1. e4 e5 2. Nf3 Nc6 3. Bb5 Nge7 4. O-O a6 5. Ba4 Ng6 6. c4 Be7 7. Bxc6 dxc6 8. d4 Bg4 9. d5 cxd5 10. cxd5 Nh4 11. Nbd2 O-O 12. h3 Bh5 13. g4 Bg6 14. Nxe5 Bd6 15. Nxg6 fxg6 16. Nc4 Qe7 17. f3 Bc5+ 18. Be3 Bxe3+ 19. Nxe3 Qe5 20. Ng2 Qg3 21. Qe2 Nxf3+ 22. Rxf3 Rxf3 23. e5 Raf8 24. e6 Rf2 25. Qe4 R8f4 0-1


[Site "https://www.chess.com"]

[Event "Titled Tuesday Blitz March 21 Early 2023"]
[White "Vivas Zamora, Fabian Ernesto"]
[Black "Piesik, Piotr"]
[WhiteFideId "3902480"]
[BlackFideId "1136194"]
[WhiteElo "2262"]
[BlackElo "2311"]
[Result "0-1"]
[Round "11"]
[TimeControl "180+2"]
[Date "2023.03.21"]
[WhiteClock "0:00:01"]
[BlackClock "0:00:49"]

1. e4 g6 2. d4 Bg7 3. Nc3 c6 4. Nf3 d6 5. h3 Nf6 6. Be2 O-O 7. a4 Nbd7 8. O-O e5 9. Be3 Re8 10. d5 cxd5 11. exd5 a6 12. a5 Nc5 13. Nd2 Qc7 14. Nc4 Nfe4 15. Nxe4 Nxe4 16. Bb6 Qe7 17. Qd3 f5 18. Qa3 Bf8 19. Rae1 Bd7 20. f4 Bb5 21. fxe5 Bxc4 22. exd6 Qxd6 23. Bxc4 Nd2 24. Qa4 Rec8 25. Re6 Rxc4 26. Rxd6 Rxa4 27. Rd7 Nc4 28. Rd1 Nxb6 29. axb6 Rb4 30. Rxb7 Rxb6 31. Rxb6 Bc5+ 32. Kf1 Bxb6 33. c4 Bc5 34. Ra1 a5 35. Ke2 Kf7 36. Kd3 Ke7 37. Re1+ Kd7 38. Re6 Rb8 39. Kc2 Rb6 40. Re2 a4 0-1


[Site "https://www.chess.com"]

[Event "Titled Tuesday Blitz March 21 Early 2023"]
[White "Shevtchenko, Olesya"]
[Black "Demin, Vladimir"]
[WhiteFideId "24131890"]
[BlackFideId "4167457"]
[WhiteElo "2003"]
[BlackElo "2617"]
[Result "1-0"]
[Round "11"]
[TimeControl "180+2"]
[Date "2023.03.21"]
[WhiteClock "0:01:18"]
[BlackClock "0:00:19"]

1. e4 e5 2. Nf3 Nc6 3. Nc3 Nf6 4. d4 Bb4 5. dxe5 Nxe4 6. Bd2 Bxc3 7. Bxc3 Nxc3 8. bxc3 O-O 9. Bd3 Re8 10. O-O Nxe5 11. Nxe5 Rxe5 12. Re1 Rxe1+ 13. Qxe1 d5 14. Qe5 c6 15. Re1 Bd7 16. f4 Qe8 17. Bxh7+ Kh8 18. Bd3 Qxe5 19. fxe5 Re8 20. Kf2 Kg8 21. Kf3 f6 22. Kf4 Kf7 23. h4 g6 24. Re2 a5 25. a3 Rh8 26. g3 f5 27. c4 Be6 28. c5 b6 29. cxb6 Rb8 30. h5 Rxb6 31. hxg6+ Kxg6 32. g4 Kf7 33. gxf5 Bc8 34. Rh2 Rb1 35. Rh7+ Kg8 36. f6 c5 37. Rg7+ Kf8 38. Rc7 Be6 39. Rxc5 a4 40. Rc6 Kf7 41. Rc7+ Kf8 42. Re7 Bg8 43. Bg6 Rf1+ 44. Ke3 1-0


[Site "https://www.chess.com"]

[Event "Titled Tuesday Blitz March 21 Early 2023"]
[White "djokovic74"]
[Black "Carrasco Miranda, Andres"]
[BlackFideId "3405990"]
[WhiteElo "2554"]
[BlackElo "2183"]
[Result "1-0"]
[Round "11"]
[TimeControl "180+2"]
[Date "2023.03.21"]
[WhiteClock "0:00:06"]
[BlackClock "0:00:01"]

1. e4 c5 2. Nf3 d6 3. d4 cxd4 4. Nxd4 Nf6 5. Nc3 a6 6. Be2 e5 7. Nb3 Be7 8. O-O O-O 9. Kh1 Be6 10. f4 exf4 11. Bxf4 Nc6 12. Qe1 Ne8 13. Rd1 Qc7 14. Qg3 Ne5 15. Nd4 Bf6 16. Nf5 Bxf5 17. exf5 Qb6 18. Nd5 Qxb2 19. Bh6 Nd7 20. c3 Qxe2 21. Nxf6+ Ndxf6 22. Bg5 Qg4 23. Qe3 d5 24. h3 Qh5 25. Rd4 Ne4 26. Rxe4 dxe4 27. g4 Qxg5 28. Qxg5 Nf6 29. Rd1 Rad8 30. Rxd8 Rxd8 31. Qe3 Rd3 32. Qb6 e3 33. Kg2 Rd2+ 34. Kf1 h5 35. Qxe3 Rxa2 36. g5 Nd5 37. Qe8+ Kh7 38. Qxf7 Ra1+ 39. Kf2 Nf4 40. f6 Nxh3+ 41. Kg3 Rg1+ 42. Kxh3 Rxg5 43. fxg7 Rxg7 44. Qf5+ Kg8 45. Qc8+ Kh7 46. Kh4 Rf7 47. Kxh5 Kg7 48. Qg4+ Kf8 49. Qc8+ Ke7 50. Qxb7+ Kf6 51. Qxa6+ Kf5 52. Qf1+ Ke6 53. Qe2+ Kf5 54. Qf3+ Ke6 55. Qe4+ Kd6 56. Kg4 Re7 57. Qd4+ Kc6 58. Kf4 Rd7 59. Qc4+ Kb6 60. Ke4 Rc7 61. Qb4+ Kc6 62. Kd3 Rd7+ 63. Kc2 Rb7 64. Qh4 Kb6 65. c4 Kc5 66. Kc3 Rc7 67. Qg5+ Kb6 68. Qb5+ Ka7 69. c5 Rb7 70. Qa5+ Kb8 71. Kc4 Kc8 72. Qa8+ Kc7 73. Qh8 Kc6 74. Qh1+ Kc7 75. Kd5 1-0


[Site "https://www.chess.com"]

[Event "Titled Tuesday Blitz March 21 Early 2023"]
[White "Shuvalov, Evgenij"]
[Black "Topalov, Aleksandar"]
[WhiteFideId "4187237"]
[BlackFideId "925659"]
[WhiteElo "2080"]
[BlackElo "2151"]
[Result "0-1"]
[Round "11"]
[TimeControl "180+2"]
[Date "2023.03.21"]
[WhiteClock "0:00:15"]
[BlackClock "0:00:08"]

1. d4 Nf6 2. c4 c5 3. Nf3 g6 4. Nc3 Bg7 5. g3 O-O 6. Bg2 cxd4 7. Qxd4 Nc6 8. Qh4 d6 9. O-O Be6 10. Bd2 Rc8 11. Rac1 a6 12. Rfd1 Qb6 13. b3 Ng4 14. Ne4 h6 15. h3 g5 16. Bxg5 hxg5 17. Nfxg5 Nh6 18. g4 Ne5 19. Kh1 Ng6 20. Qg3 Be5 21. Qd3 Nf4 22. Qd2 Kg7 23. e3 Nxg2 24. Kxg2 Bd7 25. Qd3 f5 26. Ng3 Qc6+ 27. Kg1 Bf6 28. Nh5+ Kh8 29. f4 Rg8 30. Kh2 Bxg5 31. fxg5 Rxg5 32. Rg1 fxg4 33. Nf4 Rcg8 34. Rg3 e5 35. Nd5 Be6 36. e4 Bxd5 37. exd5 Qc5 38. Qd2 gxh3 39. Rxg5 Rxg5 40. Qxg5 Qf2+ 41. Kxh3 Qf3+ 42. Kh4 Nf5+ 43. Qxf5 Qxf5 44. Rh1 Qf4+ 45. Kh3 Qf3+ 46. Kh2 Qf2+ 47. Kh3 Kg7 48. Rh2 Qf3+ 49. Kh4 e4 50. Rh3 Qf4+ 51. Kh5 e3 52. Rh1 Qh6+ 53. Kg4 Qxh1 54. Kf4 e2 55. c5 dxc5 56. d6 e1=Q 57. d7 Qhf1+ 58. Kg5 Qe5+ 59. Kg4 Qef4+ 60. Kh5 Qh1# 0-1


[Site "https://www.chess.com"]

[Event "Titled Tuesday Blitz March 21 Early 2023"]
[White "Van Osch, Mees"]
[Black "TheKnightOfBosnia"]
[WhiteFideId "1035967"]
[WhiteElo "2324"]
[BlackElo "2520"]
[Result "1-0"]
[Round "11"]
[TimeControl "180+2"]
[Date "2023.03.21"]
[WhiteClock "0:00:30"]
[BlackClock "0:00:52"]

1. e4 e5 2. Nf3 Nc6 3. c3 d5 4. exd5 Qxd5 5. d4 Bg4 6. Be2 O-O-O 7. c4 Bb4+ 8. Nc3 Qa5 9. d5 Bxf3 10. Bxf3 Nd4 11. Bd2 Nf6 12. a3 Bxc3 13. Bxc3 Qc5 14. Be2 Nxe2 15. Qxe2 Rhe8 16. b4 Qd6 17. O-O e4 18. h3 Qf4 19. Qe3 Qxe3 20. fxe3 Nh5 21. Rxf7 Rd7 22. Raf1 g6 23. Rxd7 Kxd7 24. Rf7+ Re7 25. Rxe7+ Kxe7 26. Be5 c6 27. g4 Nf6 28. d6+ Ke6 29. Bxf6 Kxf6 30. c5 g5 31. Kf2 Ke6 32. Ke2 b5 33. Kd2 1-0


[Site "https://www.chess.com"]

[Event "Titled Tuesday Blitz March 21 Early 2023"]
[White "Valle Maytin, Luis Enrique"]
[Black "Janaszak, Dawid"]
[WhiteFideId "3503666"]
[BlackFideId "1119206"]
[WhiteElo "2225"]
[BlackElo "2220"]
[Result "0-1"]
[Round "11"]
[TimeControl "180+2"]
[Date "2023.03.21"]
[WhiteClock "0:00:01"]
[BlackClock "0:00:36"]

1. e4 c5 2. Nf3 Nc6 3. d4 cxd4 4. Nxd4 e5 5. Nb5 d6 6. c4 g6 7. N1c3 a6 8. Na3 Bg7 9. Nc2 Nf6 10. Be2 O-O 11. Be3 Be6 12. O-O Rc8 13. Rc1 Na5 14. b3 b5 15. Nb4 bxc4 16. Nbd5 Bxd5 17. Nxd5 Nc6 18. Rxc4 Nxd5 19. Qxd5 Nd4 20. Bxd4 exd4 21. Rfc1 Rxc4 22. Rxc4 Re8 23. Rc6 Re5 24. Qc4 Qg5 25. Rc8+ Bf8 26. Bd3 d5 27. Qc5 Qe7 28. Qxe7 Rxe7 29. exd5 Re1+ 30. Bf1 d3 31. d6 d2 32. d7 Rxf1+ 33. Kxf1 d1=Q# 0-1


[Site "https://www.chess.com"]

[Event "Titled Tuesday Blitz March 21 Early 2023"]
[White "Liu, Casper"]
[Black "Belov, Alexei"]
[WhiteFideId "1454153"]
[BlackFideId "4128206"]
[WhiteElo "2221"]
[BlackElo "2480"]
[Result "1-0"]
[Round "11"]
[TimeControl "180+2"]
[Date "2023.03.21"]
[WhiteClock "0:00:07"]
[BlackClock "0:00:15"]

1. d4 e6 2. c4 d5 3. Nc3 Be7 4. cxd5 exd5 5. Nf3 c6 6. Qc2 g6 7. h4 Bf5 8. Qb3 Qb6 9. h5 Nf6 10. hxg6 fxg6 11. Bg5 O-O 12. e3 Nbd7 13. Ne5 Rae8 14. Bh6 Nxe5 15. dxe5 Ng4 16. Bxf8 Bxf8 17. Be2 Nxe5 18. Qxb6 axb6 19. O-O-O b5 20. Rh4 b4 21. Nb1 Ra8 22. a3 bxa3 23. Nxa3 Bxa3 24. bxa3 Rxa3 25. Kb2 Ra5 26. Rb4 Rc5 27. Rc1 Rxc1 28. Kxc1 b5 29. Kd2 Kf7 30. Kc3 Ke6 31. f3 h5 32. e4 dxe4 33. g4 hxg4 34. fxe4 g3 35. exf5+ gxf5 36. Kd4 f4 37. Ke4 g2 38. Rb1 b4 39. Kxf4 c5 40. Bf3 Nxf3 41. Kxf3 Kd5 42. Kxg2 Kd4 43. Kf2 Kd3 44. Ke1 Kc2 45. Rd1 c4 46. Rd2+ Kc1 47. Rd1+ Kc2 48. Rd2+ Kc3 49. Kd1 b3 50. Kc1 Kb4 51. Rd8 Kc3 52. Kb1 Kb4 53. Rb8+ Kc3 54. Rc8 Kd3 55. Kb2 Kd4 56. Rc7 Kd3 57. Rc6 Kd4 58. Rc8 Kd3 59. Rd8+ Ke4 60. Kc3 Ke3 61. Kxc4 1-0


[Site "https://www.chess.com"]

[Event "Titled Tuesday Blitz March 21 Early 2023"]
[White "Guzman Moneo, Alberto"]
[Black "Yosha_Iglesias"]
[WhiteFideId "2209616"]
[WhiteElo "2157"]
[BlackElo "2465"]
[Result "0-1"]
[Round "11"]
[TimeControl "180+2"]
[Date "2023.03.21"]
[WhiteClock "0:00:04"]
[BlackClock "0:00:25"]

1. e4 d6 2. d4 Nf6 3. Nc3 e5 4. Nf3 Nbd7 5. Bc4 Be7 6. a4 c6 7. a5 O-O 8. O-O Rb8 9. Be3 Ng4 10. Bd2 b5 11. axb6 axb6 12. d5 b5 13. dxc6 bxc4 14. cxd7 Bxd7 15. Ra2 h6 16. Nd5 Nf6 17. Ba5 Qe8 18. Nxe7+ Qxe7 19. Bc7 Nxe4 20. Bxb8 Rxb8 21. Re1 Bc6 22. Ra6 Qb7 23. Qa1 Ng5 24. Nxg5 hxg5 25. f3 g4 26. fxg4 Bxg2 27. Rxd6 Bh3 28. Re2 Qf3 29. Qe1 Qxg4+ 30. Kh1 c3 31. b3 e4 32. Rd4 f5 33. Rf2 Re8 34. Qe2 Qg5 35. Rd1 Bg4 36. Qe1 Bxd1 37. Qxd1 e3 38. Rg2 Qf4 39. Qg1 Re7 40. h3 e2 41. Qe1 Qf1+ 42. Rg1 Qf3+ 43. Kh2 Re3 44. Rg3 Qxg3+ 0-1


[Site "https://www.chess.com"]

[Event "Titled Tuesday Blitz March 21 Early 2023"]
[White "Gonzalez, Francisco Silva"]
[Black "Manon-og, Ramon Jr."]
[WhiteFideId "1512285"]
[BlackFideId "5200776"]
[WhiteElo "2074"]
[BlackElo "2347"]
[Result "1/2-1/2"]
[Round "11"]
[TimeControl "180+2"]
[Date "2023.03.21"]
[WhiteClock "0:00:15"]
[BlackClock "0:00:10"]

1. d4 Nf6 2. c4 g6 3. Nc3 d5 4. Bf4 Bg7 5. Nf3 O-O 6. e3 c6 7. h3 Nbd7 8. a4 dxc4 9. Bxc4 Nb6 10. Bb3 Nbd5 11. Be5 Nxc3 12. bxc3 Qa5 13. O-O Qxc3 14. a5 Bf5 15. d5 Qd3 16. dxc6 bxc6 17. Ra3 Qxd1 18. Rxd1 Rfd8 19. Nd4 Be4 20. Raa1 Bd5 21. Bxd5 cxd5 22. Nc6 Rd7 23. a6 Rc8 24. Rac1 Re8 25. Bd4 Rd6 26. Bxa7 Ra8 27. Bd4 Rxa6 28. Nxe7+ Kf8 29. Nc8 Rdc6 30. Bc5+ Ke8 31. Bd4 Kd7 32. Rxc6 Rxc6 33. Nb6+ Kd6 34. Bxf6 Bxf6 35. Nxd5 Ke6 36. g4 Bh4 37. Nf4+ Kf6 38. Ng2 g5 39. f4 Rc2 40. Nxh4 gxh4 41. Rd5 Re2 42. Re5 Kg6 43. Rg5+ Kh6 44. Re5 Kg6 45. e4 f6 46. Re7 h6 47. Re8 Kf7 48. Kf1 Rh2 49. Rh8 Rxh3 50. Rxh6 Rf3+ 51. Ke2 Rxf4 52. Rxh4 Rxe4+ 53. Kf3 Ra4 54. Rh6 Kg7 55. Rh5 Kg6 56. Kg3 Ra1 57. Rb5 Rg1+ 58. Kf3 Rf1+ 59. Kg2 Ra1 60. Rc5 Ra2+ 61. Kh3 Ra1 62. Rc8 Rh1+ 63. Kg3 Rg1+ 64. Kf3 Rf1+ 65. Kg2 Ra1 66. Rg8+ Kf7 67. Rb8 Kg6 68. Rb5 Ra3 69. Kf2 Rh3 70. Rc5 Ra3 71. Rd5 Rb3 72. Rc5 Ra3 73. Kg2 Rb3 74. Kh2 Ra3 75. g5 fxg5 76. Rc8 Kh5 77. Kg2 Kg4 78. Rc4+ Kh5 79. Rc8 Kg4 80. Rc4+ Kf5 81. Rb4 Ra2+ 82. Kg3 Ra3+ 83. Kg2 Re3 84. Kf2 Re4 85. Rb5+ Kf4 86. Rb8 Re5 87. Rf8+ Kg4 88. Ra8 Re4 89. Kg2 Rb4 90. Ra2 Rc4 91. Rb2 Rd4 92. Rc2 Kf4 93. Rf2+ Kg4 94. Re2 Rd3 95. Re5 Kf4 96. Re2 Rg3+ 97. Kh2 Ra3 98. Rf2+ Kg4 99. Kg2 Rg3+ 100. Kh2 Ra3 101. Rg2+ Kh4 102. Rb2 g4 103. Kg2 Rg3+ 104. Kh2 Rh3+ 105. Kg2 Rc3 106. Rd2 Rf3 107. Re2 Ra3 108. Rd2 Rb3 109. Rc2 Ra3 110. Rb2 Rc3 111. Ra2 Rb3 112. Rc2 Rg3+ 113. Kh2 Rh3+ 114. Kg2 Rg3+ 115. Kh2 Rh3+ 116. Kg1 Rg3+ 117. Kh2 1/2-1/2


[Site "https://www.chess.com"]

[Event "Titled Tuesday Blitz March 21 Early 2023"]
[White "Escanor89"]
[Black "Ruge, Edison"]
[BlackFideId "4401000"]
[WhiteElo "2450"]
[BlackElo "2175"]
[Result "1-0"]
[Round "11"]
[TimeControl "180+2"]
[Date "2023.03.21"]
[WhiteClock "0:00:10"]
[BlackClock "0:00:03"]

1. c4 e5 2. Nc3 Nc6 3. Nf3 d6 4. d4 Be7 5. g3 Nf6 6. Bg2 O-O 7. O-O Bg4 8. dxe5 dxe5 9. Nd5 h6 10. b3 Bc5 11. Bb2 Re8 12. Nd2 Nxd5 13. cxd5 Nd4 14. Re1 f5 15. Rc1 Qe7 16. Nf3 Nxf3+ 17. exf3 Bh5 18. Rxe5 Qd6 19. Qe1 Qb6 20. f4 Bd6 21. Re6 Bf7 22. Rxe8+ Rxe8 23. Qc3 Bf8 24. Re1 Rxe1+ 25. Qxe1 Bc5 26. Qe5 Bf8 27. Bf1 Qc5 28. Bc4 b5 29. Bd3 Qxd5 30. Qxd5 Bxd5 31. Bxb5 Be4 32. Bd4 a5 33. Bc4+ Kh7 34. Kf1 Bb4 35. a4 g6 36. Ke2 h5 37. Be5 c6 38. f3 Bd5 39. Bxd5 cxd5 40. Kd3 h4 41. Bf6 hxg3 42. hxg3 Be1 43. g4 Bf2 44. Bd8 Be1 45. Kd4 Bd2 46. Bc7 Kg7 47. Kxd5 Kf7 48. Kc6 Ke7 49. Kb5 Ke6 50. Bxa5 Bxf4 51. Bc3 1-0


[Site "https://www.chess.com"]

[Event "Titled Tuesday Blitz March 21 Early 2023"]
[White "HSH1987"]
[Black "Pniaczek, Marek"]
[BlackFideId "21800421"]
[WhiteElo "2656"]
[BlackElo "2138"]
[Result "0-1"]
[Round "11"]
[TimeControl "180+2"]
[Date "2023.03.21"]
[WhiteClock "0:00:27"]
[BlackClock "0:01:57"]

1. Nf3 c5 2. g3 Nc6 3. Bg2 e5 4. O-O d5 5. d3 Be7 6. c4 Be6 7. cxd5 Bxd5 8. Nc3 Be6 9. Be3 Nf6 10. Ng5 Bd7 11. Nge4 b6 12. Nxf6+ Bxf6 13. Nd5 O-O 14. a3 Rc8 15. b4 Nd4 16. bxc5 Rxc5 17. Bxd4 exd4 18. a4 Bc6 19. Nxf6+ Qxf6 20. Bxc6 Qxc6 21. Re1 Re8 22. Qb3 Rc2 23. Ra2 Rexe2 24. Qxc2 Rxe1# 0-1


[Site "https://www.chess.com"]

[Event "Titled Tuesday Blitz March 21 Early 2023"]
[White "Filgueira, Hernan"]
[Black "Jimenez Jimenez, Leandro"]
[WhiteFideId "101770"]
[BlackFideId "6415253"]
[WhiteElo "2363"]
[BlackElo "2263"]
[Result "1-0"]
[Round "11"]
[TimeControl "180+2"]
[Date "2023.03.21"]
[WhiteClock "0:01:13"]
[BlackClock "0:00:01"]

1. c4 c5 2. g3 g6 3. Bg2 Bg7 4. Nc3 Nc6 5. a3 e6 6. Rb1 Nge7 7. b4 cxb4 8. axb4 d5 9. b5 Ne5 10. cxd5 Nxd5 11. Nxd5 exd5 12. d4 Nc4 13. e3 Bf5 14. Ra1 Qd7 15. Ne2 O-O 16. Nc3 Rfc8 17. Nxd5 Be6 18. Nf4 Qxb5 19. Nxe6 fxe6 20. O-O a5 21. Bh3 Rc6 22. Ba3 Nxa3 23. Rxa3 a4 24. Ra1 a3 25. Bg2 Rb6 26. Qc2 Bf8 27. Rfb1 Qa6 28. Bf1 Qa5 29. Bc4 Kg7 30. Qe4 Rc8 31. Bxe6 Re8 32. d5 1-0


[Site "https://www.chess.com"]

[Event "Titled Tuesday Blitz March 21 Early 2023"]
[White "Rios Escobar, Adan"]
[Black "Safin, Robert"]
[WhiteFideId "3403645"]
[BlackFideId "34189120"]
[WhiteElo "2405"]
[BlackElo "2245"]
[Result "0-1"]
[Round "11"]
[TimeControl "180+2"]
[Date "2023.03.21"]
[WhiteClock "0:00:01"]
[BlackClock "0:01:07"]

1. d4 Nf6 2. g3 d5 3. Nf3 c6 4. Bg2 Bg4 5. c4 Bxf3 6. Bxf3 e6 7. Qc2 Nbd7 8. O-O Be7 9. Rd1 O-O 10. Bf4 Re8 11. Nd2 Bf8 12. e4 dxe4 13. Nxe4 Nxe4 14. Bxe4 Nf6 15. Bd3 Bd6 16. Bg5 h6 17. Be3 Qe7 18. Rd2 Red8 19. Re1 Bb4 20. Rde2 Bxe1 21. Rxe1 Ng4 22. Bf4 Rxd4 23. Qe2 Nf6 24. Bc2 Rad8 25. Be3 R4d7 26. Bxa7 Rd2 27. Qe3 Rxc2 28. Bd4 Rxc4 29. Bc3 Nd5 30. Qe5 Nxc3 31. bxc3 Qc5 32. Qc7 Rd2 33. Rf1 Rxc3 34. Qd8+ Rxd8 35. a4 Rc1 0-1


[Site "https://www.chess.com"]

[Event "Titled Tuesday Blitz March 21 Early 2023"]
[White "Gubajdullin, Alexei"]
[Black "Avazkhonov, Alikhon"]
[WhiteFideId "4141202"]
[BlackFideId "14208504"]
[WhiteElo "2267"]
[BlackElo "1739"]
[Result "1-0"]
[Round "11"]
[TimeControl "180+2"]
[Date "2023.03.21"]
[WhiteClock "0:00:32"]
[BlackClock "0:00:04"]

1. d4 Nf6 2. Nf3 e6 3. Bf4 d5 4. e3 Bd6 5. Bg3 O-O 6. Nbd2 c5 7. c3 Nc6 8. Bd3 b6 9. Ne5 Bb7 10. f4 Ne7 11. Qf3 Nf5 12. Bf2 Be7 13. g4 Nd6 14. g5 Nfe4 15. Rg1 Qd7 16. Qh3 Qc7 17. Rg4 b5 18. Rh4 h6 19. gxh6 Bxh4 20. Qxh4 g6 21. Bxe4 dxe4 22. dxc5 Nf5 23. Qf6 Qd8 24. Bh4 Qxf6 25. Bxf6 Bd5 26. b4 Nxe3 27. Ke2 Nf5 28. a4 a6 29. c4 Nd4+ 30. Kf2 bxc4 31. Ndxc4 Nf5 32. Nb6 e3+ 33. Ke1 Rab8 34. Ned7 Kh7 35. Be5 Rbe8 36. b5 Nh4 37. Ke2 Nf5 38. c6 Rg8 39. Nf6+ Kxh6 40. Rc1 g5 41. Nxe8 Rxe8 42. fxg5+ Kxg5 43. c7 Bb7 44. c8=Q Bxc8 45. Nxc8 f6 46. b6 fxe5 47. b7 Nd4+ 48. Kxe3 1-0


[Site "https://www.chess.com"]

[Event "Titled Tuesday Blitz March 21 Early 2023"]
[White "Kozin, Yuri"]
[Black "Szyszylo, Rafal"]
[WhiteFideId "4129920"]
[BlackFideId "1109626"]
[WhiteElo "2507"]
[BlackElo "1951"]
[Result "0-1"]
[Round "11"]
[TimeControl "180+2"]
[Date "2023.03.21"]
[WhiteClock "0:00:11"]
[BlackClock "0:00:04"]

1. e4 g6 2. d4 d6 3. Nc3 Nf6 4. Nf3 Bg7 5. Be3 Bg4 6. Qd2 Nc6 7. h4 h5 8. Ng5 e5 9. Bc4 O-O 10. f3 exd4 11. Bxd4 Nxd4 12. Qxd4 Nxe4 13. Qxe4 Bxc3+ 14. bxc3 Qf6 15. O-O Bf5 16. Qxb7 Qxc3 17. Bxf7+ Kg7 18. Qd5 c6 19. Qxd6 Rxf7 20. Nxf7 Kxf7 21. Rab1 Re8 22. Rb7+ Kg8 23. Qf4 Qc5+ 24. Kh1 Qe5 25. Qh6 Re7 26. Rxe7 Qxe7 27. Rb1 Qxh4+ 28. Kg1 Qd4+ 29. Kf1 Bd3+ 30. cxd3 Qxd3+ 31. Kf2 Qxb1 32. Qg5 Qxa2+ 33. Kg3 Qe6 34. Qd8+ Kh7 35. Qc7+ Kh6 36. Qxa7 Qe5+ 37. Kf2 Qd5 38. Qe7 Qd4+ 39. Kf1 c5 40. g3 c4 41. f4 c3 42. Qf8+ Kh7 43. Qe7+ Kg8 44. Qe8+ Kg7 45. Qe7+ Kh6 46. Qc7 Qd3+ 47. Kg2 Qd2+ 48. Kh3 c2 49. Qc8 Kg7 50. Qc7+ Kf8 51. Qc8+ Ke7 52. Qc7+ Qd7+ 53. Qxd7+ Kxd7 54. Kh4 c1=Q 55. Kg5 Qd2 0-1


[Site "https://www.chess.com"]

[Event "Titled Tuesday Blitz March 21 Early 2023"]
[White "Rom, Jasper"]
[Black "Klepikov, Nikita"]
[WhiteFideId "2023733"]
[BlackFideId "24145220"]
[WhiteElo "2233"]
[BlackElo "2025"]
[Result "1/2-1/2"]
[Round "11"]
[TimeControl "180+2"]
[Date "2023.03.21"]
[WhiteClock "0:00:03"]
[BlackClock "0:00:06"]

1. e4 c5 2. Nc3 Nc6 3. f4 g6 4. Nf3 Bg7 5. Bb5 Nd4 6. O-O Nxb5 7. Nxb5 d6 8. d3 e6 9. e5 d5 10. Nd6+ Kf8 11. c4 d4 12. a3 a5 13. Rb1 h6 14. b4 axb4 15. axb4 b6 16. bxc5 bxc5 17. Rb5 Qc7 18. Qb3 Ba6 19. Rb6 Ne7 20. Bd2 Nc8 21. Nxc8 Bxc8 22. Rb1 Kg8 23. h4 Kh7 24. h5 Bd7 25. Rb7 Qc6 26. hxg6+ Kxg6 27. Qd1 Ra2 28. R1b6 Qa4 29. Qe1 Ra1 30. Bc1 Qc2 31. Qg3+ Kh7 32. Rxd7 Qxc1+ 33. Ne1 Qxe1+ 34. Qxe1 Rxe1+ 35. Kf2 Re3 36. Rxf7 Rxd3 37. Rbb7 Rg8 38. g4 Kg6 39. f5+ exf5 40. gxf5+ Kg5 41. f6 Bxf6 42. Rxf6 Re8 43. Rg7+ Kh5 44. Rf5+ Kh4 45. Rf4+ Kh5 46. Rf5+ Kh4 47. Rf4+ Kh5 48. Rf5+ 1/2-1/2


[Site "https://www.chess.com"]

[Event "Titled Tuesday Blitz March 21 Early 2023"]
[White "Tanmay Jain"]
[Black "Krzywda, Andrzej"]
[WhiteFideId "45015481"]
[BlackFideId "1114565"]
[WhiteElo "2032"]
[BlackElo "2155"]
[Result "1-0"]
[Round "11"]
[TimeControl "180+2"]
[Date "2023.03.21"]
[WhiteClock "0:00:07"]
[BlackClock "0:00:06"]

1. d4 Nf6 2. Nf3 g6 3. g3 Bg7 4. Bg2 O-O 5. O-O d6 6. Re1 d5 7. Ne5 c5 8. c3 Nc6 9. Nxc6 bxc6 10. dxc5 e5 11. Qa4 Qc7 12. Nd2 Re8 13. e4 Be6 14. b4 a5 15. Qc2 dxe4 16. Bb2 axb4 17. cxb4 Rxa2 18. Rxa2 Bxa2 19. Nxe4 Nxe4 20. Bxe4 Rb8 21. Qa4 Bd5 22. Bxd5 cxd5 23. Rc1 Bf8 24. Qb3 d4 25. Qc4 Qc6 26. Re1 Qb5 27. Qxb5 Rxb5 28. Ba3 f6 29. f4 exf4 30. gxf4 Kf7 31. Rd1 Ke6 32. Rxd4 Kf5 33. Rc4 Rb8 34. Kf2 Ra8 35. Bc1 Rc8 36. Kf3 g5 37. Be3 g4+ 38. Kf2 h5 39. b5 h4 40. b6 Ke6 41. c6 Kd5 42. b7 Rb8 43. c7 Rxb7 44. c8=Q Rb2+ 45. Rc2 Bc5 46. Qxc5+ Ke4 47. Rxb2 f5 48. Qd4# 1-0


[Site "https://www.chess.com"]

[Event "Titled Tuesday Blitz March 21 Early 2023"]
[White "Shapiro, Viktor"]
[Black "Shukhman, Anna"]
[WhiteFideId "4175700"]
[BlackFideId "54180058"]
[WhiteElo "2152"]
[BlackElo "2125"]
[Result "1-0"]
[Round "11"]
[TimeControl "180+2"]
[Date "2023.03.21"]
[WhiteClock "0:00:12"]
[BlackClock "0:00:19"]

1. c4 Nf6 2. Nc3 d5 3. cxd5 Nxd5 4. Qb3 Nf6 5. Nf3 Nc6 6. d4 Nxd4 7. Nxd4 Qxd4 8. Nb5 Qb6 9. Bf4 e5 10. Bxe5 Be6 11. Nxc7+ Qxc7 12. Bxc7 Bxb3 13. axb3 Bb4+ 14. Kd1 Ne4 15. Bb6 O-O 16. Rxa7 Rxa7 17. Bxa7 Rd8+ 18. Kc2 Rd2+ 19. Kc1 Rd6 20. f3 Nc5 21. e4 Nxb3+ 22. Kc2 Na1+ 23. Kb1 Rd1+ 24. Ka2 Be7 25. g3 Nc2 26. Bg2 Nb4+ 27. Kb3 Rd3+ 28. Kc4 Rd2 29. Bh3 Rc2+ 30. Kb3 Rd2 31. Rc1 g6 32. Be3 Rd3+ 33. Rc3 Rd1 34. f4 b5 35. Bc5 Bxc5 36. Rxc5 Nd3 37. Rxb5 Nf2 38. Bg2 Rd2 39. e5 Nd3 40. Kc3 Rxg2 41. Kxd3 Rxh2 42. b4 Rg2 43. Rb8+ Kg7 44. b5 Rxg3+ 45. Kc4 Rg1 46. b6 Rc1+ 47. Kb5 Rb1+ 48. Kc6 h5 49. Rd8 h4 50. b7 h3 51. Rd2 Rc1+ 52. Kd6 Rb1 53. Kc7 Rc1+ 54. Kd8 Rb1 55. Kc8 Rc1+ 56. Kb8 Rb1 57. Rc2 Kh6 58. Kc7 Kh5 59. b8=Q Rxb8 60. Kxb8 Kg4 61. Rh2 Kg3 62. Rh1 Kg2 63. Rb1 h2 64. Kc7 Kf3 65. Kd6 Kxf4 66. Rh1 Kg3 67. Ke7 Kg2 68. Rxh2+ Kxh2 69. Kxf7 g5 70. e6 g4 71. e7 g3 72. e8=Q g2 73. Qh8+ Kg3 74. Qg7+ Kf2 75. Qf6+ Kg3 76. Qg5+ Kh2 77. Qh4+ Kg1 78. Ke6 Kf1 79. Qf4+ Ke2 80. Qg3 Kf1 81. Qf3+ Kg1 82. Kf5 Kh2 83. Qh5+ Kg3 84. Qg5+ Kf2 85. Qf4+ Ke2 86. Qg3 Kf1 87. Qf3+ Kg1 88. Kg4 Kh2 89. Qg3+ Kh1 90. Qh3+ Kg1 91. Kf3 Kf1 92. Qxg2+ Ke1 93. Qe2# 1-0


[Site "https://www.chess.com"]